General information
- name: BNet
- type: Ladder team game (AT/RT)
- host: Battle.net
- saver:
map: Deadlands
- players: 8
- length: 40:52
- speed: Fast
- version: 1.26 W3XP
- replay type: Public
» download(217 KB)
Players
team 1 (winner)

»
MarvelStylePorn (
red | 37 APM | 1500 actions | 40:47)
7 Pandaren Brewmaster
3 Drunken Brawler
3 Breath of Fire
1 Storm Earth and Fire
3 Paladin
2 Devotion Aura
1 Resurrection
1 Blood Mage
1 Siphon Mana
» actions
| Assign group hotkey | 27 | |
| Basic commands | 263 | |
| Build / train | 52 | |
| Enter build submenu | 13 | |
| Enter hero's abilities submenu | 11 | |
| Give item / drop item | 5 | |
| Remove unit from queue | 1 | |
| Right click | 290 | |
| Select / deselect | 357 | |
| Select group hotkey | 394 | |
| Use ability | 87 | |
1500 total
» units
| Wisp | 10 | |
| Archer | 9 | |
| Knight | 6 | |
| Spell Breaker | 2 | |
| Priest | 2 | |
| Peasant | 5 | |
34 total
» upgrades
| Strength of the Moon | 1 | |
| Swords | 1 | |
| Plating | 1 | |
3 total
» buildings
| Altar of Elders | 1 | |
| Moon Well | 5 | |
| Ancient of War | 1 | |
| Hunter's Hall | 1 | |
| Tree of Ages | 1 | |
| Ancient Protector | 1 | |
| Tree of Life | 1 | |
| Farm | 2 | |
| Town Hall | 1 | |
14 total
» build order
00:23 Altar of Elders
00:37 Moon Well
00:51 Ancient of War
01:46 Moon Well
02:38 Hunter's Hall
02:47 Moon Well
03:56 Moon Well
04:29 Moon Well
04:49 Tree of Ages
05:34 Ancient Protector
08:17 Tree of Life
17:27 Farm
17:28 Farm
24:56 Town Hall
» items

»
Cavez (
yellow | 58 APM | 2335 actions | 40:22)
4 Demon Hunter
2 Mana Burn
2 Evasion
1 Naga Sea Witch
1 Frost Arrows
» actions
| Assign group hotkey | 36 | |
| Basic commands | 75 | |
| Build / train | 77 | |
| ESC pressed | 6 | |
| Enter build submenu | 49 | |
| Enter hero's abilities submenu | 5 | |
| Give item / drop item | 1 | |
| Right click | 836 | |
| Select / deselect | 747 | |
| Select group hotkey | 388 | |
| Use ability | 115 | |
2335 total
» units
| Wisp | 26 | |
| Huntress | 6 | |
| Glaive Thrower | 2 | |
| Druid of the Claw | 2 | |
| Dryad | 9 | |
45 total
» upgrades
| Strength of the Moon | 1 | |
| Moon Armor | 1 | |
| Strength of the Wild | 2 | |
| Reinforced Hides | 2 | |
| Vorpal Blades | 1 | |
| Druid of the Claw Training | 2 | |
| Abolish Magic | 1 | |
| Mark of the Claw | 1 | |
| Ultravision | 1 | |
| Nature's Blessing | 1 | |
13 total
» buildings
| Altar of Elders | 1 | |
| Hunter's Hall | 1 | |
| Moon Well | 6 | |
| Ancient of War | 2 | |
| Ancient of Wonders | 3 | |
| Ancient Protector | 12 | |
| Tree of Ages | 2 | |
| Ancient of Lore | 4 | |
| Tree of Eternity | 2 | |
| Tree of Life | 4 | |
37 total
» build order
00:17 Altar of Elders
00:42 Hunter's Hall
01:33 Moon Well
01:55 Moon Well
02:27 Ancient of War
02:58 Ancient of War
03:29 Moon Well
03:45 Ancient of Wonders
04:37 Moon Well
05:32 Ancient Protector
05:36 Ancient Protector
06:13 Ancient Protector
06:45 Ancient Protector
07:53 Tree of Ages
10:58 Ancient of Lore
11:02 Ancient of Lore
13:30 Tree of Eternity
13:49 Moon Well
13:53 Moon Well
17:25 Tree of Life
21:28 Tree of Ages
22:34 Ancient of Wonders
22:50 Tree of Life
23:02 Ancient of Wonders
23:31 Ancient Protector
23:36 Ancient Protector
23:39 Ancient Protector
25:02 Ancient Protector
25:12 Tree of Life
25:29 Ancient Protector
26:04 Tree of Eternity
26:09 Ancient Protector
26:12 Ancient Protector
26:15 Ancient Protector
27:22 Tree of Life
40:00 Ancient of Lore
40:16 Ancient of Lore
» items
| Dust of Appearance | 2 | |
| Scroll of Town Portal | 2 | |
| Potion of Healing | 2 | |
| Staff of Preservation | 1 | |
7 total
SmittyDangerous (
pink | 29 APM | 1134 actions | 38:27)
8 Warden
3 Fan of Knives
3 Blink
1 Spirit of Vengeance
1 Shadow Strike
1 Paladin
1 Holy Light
» actions
| Assign group hotkey | 1 | |
| Basic commands | 1 | |
| Build / train | 103 | |
| Enter build submenu | 28 | |
| Enter hero's abilities submenu | 9 | |
| Give item / drop item | 3 | |
| Remove unit from queue | 3 | |
| Right click | 486 | |
| Select / deselect | 395 | |
| Select group hotkey | 1 | |
| Use ability | 104 | |
1134 total
» units
| Wisp | 24 | |
| Archer | 6 | |
| Huntress | 3 | |
| Hippogryph | 25 | |
| Chimaera | 7 | |
| Peasant | 1 | |
66 total
» upgrades
| Strength of the Moon | 1 | |
| Moon Armor | 1 | |
| Corrosive Breath | 1 | |
| Strength of the Wild | 1 | |
| Reinforced Hides | 1 | |
| Well Spring | 1 | |
| Nature's Blessing | 1 | |
7 total
» buildings
| Moon Well | 6 | |
| Altar of Elders | 1 | |
| Ancient of War | 2 | |
| Ancient of Wonders | 1 | |
| Hunter's Hall | 1 | |
| Tree of Ages | 1 | |
| Ancient of Wind | 1 | |
| Tree of Eternity | 1 | |
| Ancient Protector | 6 | |
| Tree of Life | 3 | |
| Chimaera Roost | 2 | |
25 total
» build order
00:09 Moon Well
00:20 Altar of Elders
01:27 Ancient of War
01:33 Ancient of War
01:46 Moon Well
02:26 Ancient of Wonders
02:49 Moon Well
04:43 Hunter's Hall
06:06 Tree of Ages
09:52 Ancient of Wind
10:33 Tree of Eternity
11:39 Ancient Protector
13:01 Tree of Life
13:15 Chimaera Roost
13:21 Chimaera Roost
15:11 Moon Well
15:17 Moon Well
17:32 Moon Well
22:49 Tree of Life
22:54 Ancient Protector
23:26 Tree of Life
31:55 Ancient Protector
32:01 Ancient Protector
32:06 Ancient Protector
32:18 Ancient Protector
» items
| Lesser Clarity Potion | 3 | |
| Moonstone | 6 | |
| Scroll of Town Portal | 4 | |
| Potion of Healing | 3 | |
| Periapt of Vitality | 1 | |
| Staff of Teleportation | 1 | |
18 total
Hammer_of_A_God (
green | 37 APM | 597 actions | 15:58)
3 Paladin
1 Divine Shield
1 Holy Light
1 Devotion Aura
2 Blood Mage
1 Siphon Mana
1 Flame Strike
» actions
| Assign group hotkey | 13 | |
| Build / train | 61 | |
| Enter build submenu | 25 | |
| Enter hero's abilities submenu | 5 | |
| Right click | 140 | |
| Select / deselect | 118 | |
| Select group hotkey | 182 | |
| Use ability | 53 | |
597 total
» units
| Peasant | 7 | |
| Footman | 12 | |
| Priest | 4 | |
| Spell Breaker | 3 | |
| Knight | 5 | |
31 total
» upgrades
| Defend | 1 | |
| Plating | 2 | |
| Swords | 2 | |
| Lumber Harvesting | 2 | |
| Priest Training | 2 | |
| Animal War Training | 1 | |
| Control Magic | 1 | |
| Masonry | 1 | |
12 total
» buildings
| Farm | 10 | |
| Altar of Kings | 1 | |
| Barracks | 2 | |
| Blacksmith | 1 | |
| Lumber Mill | 1 | |
| Arcane Vault | 2 | |
| Keep | 1 | |
| Arcane Sanctum | 2 | |
| Castle | 1 | |
| Scout Tower | 6 | |
| Arcane Tower | 4 | |
| Guard Tower | 2 | |
33 total
» build order
00:10 Farm
00:24 Altar of Kings
00:40 Barracks
01:10 Farm
01:48 Farm
02:47 Blacksmith
03:05 Lumber Mill
03:43 Farm
04:31 Arcane Vault
04:42 Arcane Vault
06:06 Keep
06:45 Farm
08:18 Farm
08:41 Arcane Sanctum
08:44 Arcane Sanctum
09:06 Farm
10:08 Farm
10:11 Castle
11:38 Barracks
12:42 Scout Tower
12:44 Scout Tower
12:46 Scout Tower
12:49 Scout Tower
12:52 Scout Tower
12:56 Scout Tower
13:35 Arcane Tower
13:37 Guard Tower
13:39 Arcane Tower
13:41 Arcane Tower
13:58 Farm
14:00 Arcane Tower
14:02 Guard Tower
15:34 Farm
» items
| Potion of Healing | 1 | |
| Scroll of Regeneration | 1 | |
2 total
team 2 (loser)

»
Lordaeron_sucks (
teal | 65 APM | 2653 actions | 40:52)
9 Death Knight
3 Death Coil
3 Unholy Aura
1 Animate Dead
2 Death Pact
» actions
| Assign group hotkey | 330 | |
| Basic commands | 227 | |
| Build / train | 104 | |
| ESC pressed | 4 | |
| Enter build submenu | 39 | |
| Enter hero's abilities submenu | 9 | |
| Give item / drop item | 5 | |
| Right click | 828 | |
| Select / deselect | 329 | |
| Select group hotkey | 607 | |
| Use ability | 171 | |
2653 total
» units
| Acolyte | 13 | |
| Ghoul | 6 | |
| Crypt Fiend | 30 | |
49 total
» upgrades
| Creature Attack | 3 | |
| Creature Carapace | 3 | |
| Burrow | 1 | |
| Web | 2 | |
9 total
» buildings
| Ziggurat | 17 | |
| Altar of Darkness | 1 | |
| Crypt | 10 | |
| Nerubian Tower | 2 | |
| Tomb of Relics | 3 | |
| Graveyard | 2 | |
| Halls of the Dead | 2 | |
| Spirit Tower | 10 | |
| Sacrificial Pit | 1 | |
| Black Citadel | 1 | |
| Necropolis | 3 | |
52 total
» build order
00:09 Ziggurat
00:50 Altar of Darkness
00:58 Crypt
01:03 Nerubian Tower
01:10 Tomb of Relics
01:27 Graveyard
01:52 Ziggurat
02:33 Ziggurat
04:05 Halls of the Dead
05:10 Ziggurat
05:32 Crypt
05:45 Spirit Tower
05:45 Spirit Tower
06:00 Spirit Tower
06:34 Spirit Tower
06:37 Ziggurat
08:22 Ziggurat
08:25 Crypt
08:31 Spirit Tower
08:34 Crypt
08:34 Crypt
08:40 Tomb of Relics
12:22 Sacrificial Pit
14:19 Black Citadel
22:25 Necropolis
25:48 Ziggurat
25:49 Ziggurat
25:49 Ziggurat
25:49 Ziggurat
26:44 Spirit Tower
26:47 Spirit Tower
26:49 Spirit Tower
30:25 Crypt
30:26 Crypt
30:27 Crypt
30:30 Crypt
31:19 Crypt
32:15 Graveyard
32:16 Ziggurat
32:36 Necropolis
33:31 Nerubian Tower
34:27 Necropolis
35:40 Ziggurat
35:40 Ziggurat
36:11 Ziggurat
37:09 Spirit Tower
39:17 Tomb of Relics
39:18 Ziggurat
39:18 Ziggurat
40:40 Halls of the Dead
» items
| Rod of Necromancy | 2 | |
| Sacrificial Skull | 1 | |
| Healing Salve | 2 | |
| Lesser Clarity Potion | 2 | |
| Scroll of Town Portal | 3 | |
| Potion of Healing | 2 | |
| Scroll of Speed | 1 | |
| Potion of Mana | 1 | |
14 total

»
SovlakiLyf (
orange | 32 APM | 1081 actions | 33:59)
6 Blademaster
3 Wind Walk
2 Critical Strike
1 Bladestorm
» actions
| Assign group hotkey | 2 | |
| Build / train | 50 | |
| Enter build submenu | 29 | |
| Enter hero's abilities submenu | 7 | |
| Give item / drop item | 3 | |
| Right click | 591 | |
| Select / deselect | 336 | |
| Select group hotkey | 4 | |
| Use ability | 59 | |
1081 total
» units
» upgrades
| Ranged Weapons | 2 | |
| Envenomed Spears | 1 | |
3 total
» buildings
| Altar of Storms | 2 | |
| Orc Burrow | 11 | |
| Barracks | 1 | |
| War Mill | 1 | |
| Voodoo Lounge | 3 | |
| Stronghold | 2 | |
| Great Hall | 2 | |
| Watch Tower | 4 | |
| Beastiary | 2 | |
| Fortress | 1 | |
29 total
» build order
00:16 Altar of Storms
00:21 Orc Burrow
01:05 Barracks
01:50 Orc Burrow
02:07 War Mill
02:36 Voodoo Lounge
03:26 Stronghold
03:48 Orc Burrow
08:19 Great Hall
08:23 Great Hall
08:59 Voodoo Lounge
09:06 Voodoo Lounge
09:11 Orc Burrow
09:17 Orc Burrow
09:36 Watch Tower
09:45 Watch Tower
10:13 Orc Burrow
12:42 Stronghold
12:51 Orc Burrow
13:55 Watch Tower
15:04 Watch Tower
15:13 Beastiary
16:11 Orc Burrow
16:17 Beastiary
19:35 Altar of Storms
20:45 Fortress
22:34 Orc Burrow
23:49 Orc Burrow
24:45 Orc Burrow
» items
| Healing Salve | 4 | |
| Scroll of Healing | 2 | |
| Scroll of Town Portal | 1 | |
7 total
axlphoenix (
purple | 27 APM | 1120 actions | 40:48)
5 Blademaster
3 Critical Strike
1 Mirror Image
1 Wind Walk
2 Tauren Chieftain
1 Endurance Aura
1 Shockwave
» actions
| Build / train | 77 | |
| Enter build submenu | 29 | |
| Enter hero's abilities submenu | 8 | |
| Give item / drop item | 3 | |
| Remove unit from queue | 1 | |
| Right click | 578 | |
| Select / deselect | 343 | |
| Use ability | 81 | |
1120 total
» units
| Peon | 16 | |
| Grunt | 4 | |
| Troll Headhunter/Berserker | 6 | |
| Troll Batrider | 9 | |
| Wind Rider | 8 | |
| Raider | 1 | |
44 total
» upgrades
| Armor | 3 | |
| Spiked Barricades | 3 | |
| Troll Regeneration | 1 | |
| Ranged Weapons | 2 | |
| Reinforced Defenses | 1 | |
| Liquid Fire | 1 | |
| Envenomed Spears | 1 | |
12 total
» buildings
| Orc Burrow | 7 | |
| Altar of Storms | 2 | |
| Voodoo Lounge | 2 | |
| Barracks | 1 | |
| War Mill | 1 | |
| Stronghold | 1 | |
| Watch Tower | 11 | |
| Fortress | 1 | |
| Beastiary | 2 | |
28 total
» build order
00:26 Orc Burrow
00:42 Altar of Storms
01:02 Voodoo Lounge
01:56 Barracks
02:11 Orc Burrow
03:02 War Mill
03:12 Orc Burrow
03:17 Stronghold
05:46 Watch Tower
06:31 Watch Tower
06:33 Fortress
06:52 Watch Tower
08:16 Watch Tower
08:52 Beastiary
09:29 Watch Tower
11:02 Beastiary
12:24 Orc Burrow
12:35 Orc Burrow
13:28 Orc Burrow
17:46 Watch Tower
17:52 Watch Tower
18:22 Watch Tower
18:26 Watch Tower
18:56 Watch Tower
18:59 Watch Tower
22:00 Altar of Storms
22:24 Orc Burrow
26:14 Voodoo Lounge
» items
| Healing Salve | 1 | |
| Lesser Clarity Potion | 2 | |
| Scroll of Speed | 1 | |
| Orb of Corruption | 1 | |
| Scroll of Healing | 1 | |
| Rod of Necromancy | 1 | |
| Boots of Speed | 1 | |
| Staff of Teleportation | 1 | |
9 total
maximum-warp (
blue | 26 APM | 1069 actions | 40:48)
5 Mountain King
3 Storm Bolt
1 Thunder Clap
1 Bash
4 Paladin
1 Holy Light
1 Divine Shield
2 Devotion Aura
3 Archmage
1 Blizzard
1 Summon Water Elemental
1 Brilliance Aura
» actions
| Basic commands | 15 | |
| Build / train | 126 | |
| Enter build submenu | 52 | |
| Enter hero's abilities submenu | 13 | |
| Right click | 285 | |
| Select / deselect | 456 | |
| Use ability | 122 | |
1069 total
» units
| Peasant | 7 | |
| Footman | 9 | |
| Rifleman | 9 | |
| Priest | 12 | |
| Sorceress | 9 | |
| Knight | 9 | |
| Siege Engine | 7 | |
| Mortar Team | 4 | |
66 total
» upgrades
| Masonry | 2 | |
| Lumber Harvesting | 2 | |
| Sorceress Training | 2 | |
| Priest Training | 2 | |
| Magic Sentry | 1 | |
| Barrage | 1 | |
| Animal War Training | 1 | |
| Swords | 1 | |
| Flare | 1 | |
13 total
» buildings
| Altar of Kings | 1 | |
| Barracks | 1 | |
| Farm | 11 | |
| Lumber Mill | 1 | |
| Scout Tower | 32 | |
| Keep | 1 | |
| Arcane Tower | 1 | |
| Guard Tower | 25 | |
| Blacksmith | 1 | |
| Castle | 1 | |
| Arcane Sanctum | 1 | |
| Workshop | 1 | |
| Town Hall | 2 | |
79 total
» build order
00:49 Altar of Kings
00:51 Barracks
00:55 Farm
01:38 Farm
02:15 Farm
02:49 Lumber Mill
02:52 Scout Tower
02:57 Farm
03:24 Keep
03:39 Farm
04:03 Arcane Tower
04:07 Scout Tower
04:39 Guard Tower
04:46 Scout Tower
05:22 Guard Tower
05:25 Scout Tower
05:42 Blacksmith
06:05 Guard Tower
06:10 Scout Tower
07:14 Guard Tower
07:16 Scout Tower
08:12 Guard Tower
08:15 Farm
08:17 Castle
08:55 Arcane Sanctum
09:04 Farm
09:46 Farm
10:42 Farm
11:08 Workshop
13:50 Farm
14:45 Farm
14:49 Scout Tower
17:25 Guard Tower
17:28 Scout Tower
18:04 Guard Tower
18:11 Scout Tower
18:44 Guard Tower
18:46 Scout Tower
19:23 Guard Tower
19:28 Scout Tower
20:51 Guard Tower
20:54 Scout Tower
21:47 Guard Tower
21:49 Scout Tower
22:28 Town Hall
22:45 Scout Tower
26:52 Town Hall
26:55 Scout Tower
29:39 Guard Tower
29:42 Scout Tower
29:49 Scout Tower
30:28 Guard Tower
31:09 Guard Tower
31:19 Scout Tower
31:35 Scout Tower
32:34 Scout Tower
33:01 Guard Tower
33:04 Scout Tower
33:05 Guard Tower
33:08 Scout Tower
33:24 Guard Tower
33:28 Scout Tower
33:34 Guard Tower
33:37 Scout Tower
34:21 Guard Tower
34:24 Scout Tower
34:29 Scout Tower
35:02 Scout Tower
37:31 Guard Tower
37:35 Scout Tower
38:08 Guard Tower
38:14 Guard Tower
38:16 Guard Tower
38:56 Scout Tower
39:30 Guard Tower
39:37 Scout Tower
39:50 Guard Tower
39:55 Scout Tower
40:10 Scout Tower
» items
Chat log
(00:10 / Allies) axlphoenix: hi
(00:11 / Allies) axlphoenix: units
(00:12 / Allies) axlphoenix: ?
(00:18 / Allies) Lordaeron_sucks: Yeah I'll be making units.
(00:27 / Allies) SovlakiLyf: air or hh
(00:38 / Allies) axlphoenix: mass trolls
(01:24 / Allies) maximum-warp: letsrush
(01:35 / Allies) Lordaeron_sucks: Yeah sure I'll rush to T3 if you want.
(03:36 / Allies) axlphoenix: rush?
(03:40 / Allies) axlphoenix: or not?
(03:43 / Allies) SovlakiLyf: nah
(03:43 / Allies) Lordaeron_sucks: Yes yes I'm rushing to T3.
(03:46 / Allies) maximum-warp: yes'
(03:50 / Allies) axlphoenix: ok
(04:01 / Allies) SovlakiLyf: ive got no units
(05:31 / Allies) SovlakiLyf: tp ?
(05:52 / Allies) maximum-warp: get main
(06:34 / Allies) SovlakiLyf: wisp
(06:56 / Allies) maximum-warp: tp
(09:19 / Allies) maximum-warp: oj make defence
(09:23 / Allies) SovlakiLyf: gold please
(09:30 / Allies) SovlakiLyf: ty
(09:48 / Allies) SovlakiLyf: and wood?
(10:35 / Allies) SovlakiLyf: purp
(10:39 / Allies) SovlakiLyf: gold please
(10:45 / Allies) SovlakiLyf: you got heaps
(15:29 / All) MarvelStylePorn: really blue just now
(15:58 / Allies) axlphoenix: lols
(17:59 / Allies) axlphoenix: nice :B
(23:13 / All) Lordaeron_sucks: blue wants to be TK'ed
(23:26 / Allies) axlphoenix: lumber?
(23:51 / All) SmittyDangerous: i say do it
(23:58 / All) Lordaeron_sucks: going to, he attacked me first after all
(24:59 / Allies) maximum-warp: i was here fisrt
(25:02 / Allies) Lordaeron_sucks: no you werent
(25:06 / Allies) maximum-warp: stop
(25:09 / Allies) maximum-warp: yes
(25:12 / Allies) Lordaeron_sucks: apologize
(25:24 / Allies) Lordaeron_sucks: dont care
(25:25 / Allies) maximum-warp: im being tked
(25:26 / Allies) Lordaeron_sucks: blue loses
(25:30 / Allies) Lordaeron_sucks: you TKed me first
(25:35 / Allies) maximum-warp: no
(25:35 / Allies) Lordaeron_sucks: you have only yourself to blame
(25:46 / Allies) maximum-warp: i didnt tk your army]
(25:52 / Allies) SovlakiLyf: fuckk
(25:54 / Allies) SovlakiLyf: tp?
(25:55 / Allies) Lordaeron_sucks: apologize
(29:51 / Allies) axlphoenix: gold?
(31:33 / Allies) SovlakiLyf: gold for hero?
(31:56 / Allies) axlphoenix: you dont have altar :c
(32:03 / Allies) SovlakiLyf: tavern
(32:55 / Allies) SovlakiLyf: blue 200 gold?
(33:20 / Allies) SovlakiLyf: 10 short
(33:36 / Allies) SovlakiLyf: 100 more please
(34:11 / All) Lordaeron_sucks: lol he begs for gold for 5 mintues, finally gets it and drops game
(34:28 / All) MarvelStylePorn: who are u and why are u talking to us
(34:36 / All) Lordaeron_sucks: someone better than you
(34:42 / All) MarvelStylePorn: prove it
(34:50 / All) Lordaeron_sucks: I am rank 3 on my bronze league
(34:52 / All) Lordaeron_sucks: suck my dick
(34:53 / All) SmittyDangerous: red
(34:57 / All) Cavez: hahaahahahah
(34:58 / All) MarvelStylePorn: oh wow super nerd
(35:07 / Allies) axlphoenix: fuck
(35:12 / Allies) axlphoenix: blue gold?
(35:21 / Allies) axlphoenix: 340 for hero
(36:01 / All) MarvelStylePorn: im level 3 on my bronze dadadada
(37:40 / All) MarvelStylePorn: im level 3 on my bronze account
(38:30 / Allies) axlphoenix: gold for hero
(38:32 / All) Cavez: yeah gg
(38:33 / All) MarvelStylePorn: come fight like a man bronze
(38:35 / All) Lordaeron_sucks: gg
(38:49 / All) Cavez: I liked how this went
(39:15 / All) Cavez: It's not often I have to relocate my base as elf
(39:21 / All) MarvelStylePorn: my people are out of shape
(39:22 / All) Cavez: I was like "oh yeah, I can do this!"
(39:22 / All) Lordaeron_sucks: I saw that
(39:24 / All) Lordaeron_sucks: Lol
(39:30 / All) Cavez: made me feel smart or something
(40:12 / All) Cavez: new?
(40:19 / All) Lordaeron_sucks: yeah
(40:22 / All) Cavez: k
(40:42 / All) MarvelStylePorn: kung fu panda